 Dungeon Crawl Stone Soup version 0.17.1-2-g5865329 (webtiles) character file.

1107 Grim the Spear-Bearer (level 8, -3/65 HPs)
             Began as a Merfolk Berserker on Feb 16, 2016.
             Was a Priest of Trog.
             Slain by a worker ant (4 damage)
             ... on level 5 of the Dungeon.
             The game lasted 00:13:16 (6012 turns).

Grim the Spear-Bearer (Merfolk Berserker)           Turns: 6012, Time: 00:13:18

Health: -3/65      AC:  2    Str: 18    XL:     8   Next: 33%
Magic:  17/17      EV: 13    Int:  6    God:    Trog [***...]
Gold:   248        SH:  0    Dex: 15    Spells: 0 memorised, 7 levels left

rFire  . . .     SeeInvis .     a - +0 spear
rCold  . . .     Clarity  .     b - +0 animal skin
rNeg   . . .     SustAt   .     (no shield)
rPois  .         Gourm    .     (no helmet)
rElec  .         Spirit   .     (no cloak)
rCorr  +         Warding  .     (no gloves)
rMut   .         Stasis   .     (no boots)
MR     ++...                    t - amulet of resist corrosion
Stlth  +.........               (no ring)
                                y - ring of magical power

@: lethally poisoned (-3 -> -3), flying, regenerating, very resistant to hostile
enchantments, very unstealthy
A: change form in water, swift swim
a: Berserk, Trog's Hand, Burn Spellbooks, Renounce Religion


You were on level 5 of the Dungeon.
You worshipped Trog.
Trog was most pleased with you.
You were not hungry.

You visited 1 branch of the dungeon, and saw 5 of its levels.

You collected 248 gold pieces.

Inventory:

Hand Weapons
 a - a +0 spear (weapon)
Armour
 b - a +0 animal skin (worn)
Jewellery
 t - an amulet of resist corrosion (around neck)
 y - a ring of magical power (left hand)
Wands
 v - a wand of digging (13)
Scrolls
 d - 4 scrolls of enchant weapon {unknown}
 e - a scroll of teleportation {unknown}
 f - 8 scrolls of identify {unknown}
 g - 2 scrolls of fog {unknown}
 h - 3 scrolls of remove curse {unknown}
 i - a scroll of fear {unknown}
 o - a scroll of recharging {unknown}
 q - a scroll of enchant armour {unknown}
 u - a scroll of random uselessness {unknown}
Potions
 j - a potion of agility {unknown}
 k - a potion of flight
 l - a potion of might {unknown}
 m - a potion of brilliance {unknown}
 n - 2 potions of cancellation {unknown}
 p - a potion of invisibility {unknown}
 w - a potion of poison {unknown}
 x - 2 potions of curing {unknown}
 A - a potion of degeneration {unknown}
Books
 s - Sif Muna's Papyrus of the Rocks
   (You found it on level 3 of the Dungeon)

   Spells                             Type                      Level
   a - Sandblast                      Earth                        1
   Trog disapproves of the use of such an item.
 z - a book of Clouds

   Spells                             Type                      Level
   a - Mephitic Cloud                 Conjuration/Poison/Air       3
   b - Conjure Flame                  Conjuration/Fire             3
   c - Poisonous Cloud                Conjuration/Poison/Air       6
   d - Freezing Cloud                 Conjuration/Ice/Air          6
   e - Ring of Flames                 Charms/Fire                  7
   Trog disapproves of the use of such an item.
Comestibles
 c - 2 bread rations
 r - a beef jerky


   Skills:
 + Level 6.3 Fighting
 - Level 12.1 Polearms
 - Level 1.3 Armour
 - Level 2.6 Dodging


You had 7 spell levels left.
You didn't know any spells.

Dungeon Overview and Level Annotations

Branches:
Dungeon (5/15)
 Temple: D:4-7

Altars:
Cheibriados
Dithmenos
Gozag
Kikubaaqudgha
Makhleb
Sif Muna

Shops:
D:5 *


Message History

You feel very buoyant.
You fly up into the air.
The worker ant bites you!
* * * LOW HITPOINT WARNING * * *
The ice beast barely misses you.
Drink which item? (? for menu, Esc to quit)
Okay, then.
Your skin crawls.
You feel resistant to hostile enchantments.
You feel slightly more hungry.
You can no longer call in reinforcements.
The worker ant barely misses you. The ice beast misses you.
The worker ant closely misses you.
Eat which item? (? for menu, Esc to quit)
The worker ant bites you.
* * * LOW HITPOINT WARNING * * *
You are lethally poisoned!
The worker ant poisons you!
* * * LOW HITPOINT WARNING * * *
You feel sick. The worker ant bites you.
You die...

#.'.........#.##
####.........#...
#............#.##
#..#####.........
#.##..)##........
###.....######.##
###.......#####.##
#.a..._...#.......
#@#.......#####.##
#####.##.....##..##.#
#.....# #...##.#.##.#
#.....########...##.#
#.........# #..##.#
#..)......#####..##.##
#[....................
#................##.#.
#########........##.#.


You could see a worker ant.

Vanquished Creatures
  Edmund (D:5)
  An ice beast (D:5)
  2 ogres
  A giant frog (D:4)
  A jelly (D:5)
  3 hounds (D:4)
  A centaur skeleton (D:5)
  A crimson imp (D:5)
  A giant frog skeleton (D:5)
  An orc priest (D:4)
  5 orc wizards
  2 worker ants
  An iguana (D:4)
  6 adders
  An ooze (D:2)
  3 worms
  An adder skeleton (D:4)
  3 giant geckos (D:3)
  20 orcs
  4 giant cockroaches
  5 goblins
  11 hobgoblins
  2 quokkas
  4 bats
  A giant cockroach zombie (D:5)
  5 giant newts
  12 jackals
  9 kobolds
  A quokka skeleton (D:5)
  8 rats
117 creatures vanquished.

Notes
Turn   | Place    | Note
--------------------------------------------------------------
     0 | D:1      | Grim the Merfolk Berserker began the quest for the Orb.
     0 | D:1      | Reached XP level 1. HP: 18/18 MP: 1/1
   123 | D:1      | Reached skill level 5 in Polearms
   127 | D:1      | Reached XP level 2. HP: 22/24 MP: 2/2
   875 | D:2      | Reached skill level 6 in Polearms
   875 | D:2      | Reached XP level 3. HP: 14/29 MP: 3/3
  1127 | D:2      | Reached ** piety under Trog
  1434 | D:2      | Reached XP level 4. HP: 35/35 MP: 4/4
  1447 | D:2      | Reached skill level 7 in Polearms
  2566 | D:3      | Found a deep blue altar of Sif Muna.
  2584 | D:3      | Found an ancient bone altar of Kikubaaqudgha.
  2945 | D:3      | Reached *** piety under Trog
  2945 | D:3      | Reached skill level 8 in Polearms
  2945 | D:3      | Reached XP level 5. HP: 21/41 MP: 5/5
  2947 | D:3      | Identified Sif Muna's Papyrus of the Rocks (You found it on level 3 of the Dungeon)
  3211 | D:4      | Reached skill level 9 in Polearms
  3211 | D:4      | Reached XP level 6. HP: 17/47 MP: 6/6
  3611 | D:4      | Found a snail-covered altar of Cheibriados.
  3700 | D:4      | Reached skill level 10 in Polearms
  4063 | D:4      | Noticed an ogre
  4077 | D:4      | Killed an ogre
  4077 | D:4      | Reached skill level 11 in Polearms
  4077 | D:4      | Reached XP level 7. HP: 52/52 MP: 7/7
  4450 | D:4      | Found a burning altar of Makhleb.
  4800 | D:5      | Entered Level 5 of the Dungeon
  4801 | D:5      | Found Gozag's Platinum Reserve.
  4801 | D:5      | Found an opulent altar of Gozag.
  4819 | D:5      | Reached skill level 12 in Polearms
  4905 | D:5      | Noticed Edmund
  4917 | D:5      | Killed Edmund
  4923 | D:5      | Reached XP level 8. HP: 61/61 MP: 8/8
  5083 | D:5      | Reached skill level 5 in Fighting
  5680 | D:5      | Reached **** piety under Trog
  5992 | D:5      | Found a shadowy altar of Dithmenos.
  6007 | D:5      | HP: 2/65 [worker ant (8)]
  6012 | D:5      | HP: 1/65 [poisoned by a worker ant]
  6012 | D:5      | Slain by a worker ant

Action                   |  1- 3 |  4- 6 |  7- 9 || total
-------------------------+-------+-------+-------++-------
Melee: Spear             |   132 |   228 |   197 ||   557
Invok: Berserk           |     1 |     4 |     3 ||     8
       Trog's Hand       |       |     2 |     1 ||     3
  Use: Potion            |       |       |     1 ||     1
 Stab: Sleeping          |     1 |     4 |     3 ||     8
  Eat: Chunk             |     2 |    13 |     8 ||    23
       Bread ration      |       |       |     1 ||     1
